 Dungeon Crawl Stone Soup version 0.30-a0-509-gd016549fea (webtiles) character file.

Game seed: 4949180820457296573

1003 themarg the Destroyer (level 8, 0/57 HPs)
             Began as a Red Draconian Conjurer on Dec 23, 2022.
             Was a Priest of Sif Muna.
             Slain by Duvessa
             ... wielding a +0 rapier
              (5 damage)
             ... on level 4 of the Dungeon.
             The game lasted 00:08:11 (4523 turns).

themarg the Destroyer (Red Draconian Conjurer)      Turns: 4523, Time: 00:08:12

Health: 0/57       AC:  6    Str: 16    XL:     8   Next: 0%
Magic:  5/15       EV: 12    Int: 21    God:    Sif Muna [***...]
Gold:   157        SH:  0    Dex:  9    Spells: 14/17 levels left

rFire   + . .      SeeInvis .    c - +0 dagger
rCold   . . .      Faith    .    (no shield)
rNeg    . . .      Spirit   .    (body armour unavailable)
rPois   .          Reflect  .    (helmet restricted)
rElec   .          Harm     .    (no cloak)
rCorr   .          Rampage  .    (no gloves)
Will    .....                    (no boots)
Stlth   ++........               (no amulet)
HPRegen 0.29/turn                o - ring of flight
MPRegen 0.14/turn                t - +6 ring of strength

@: flying
A: breathe fire, AC +6, unfitting armour, fire resistance 1, cold-blooded
a: Breathe Fire, Renounce Religion, Channel Magic, Forget Spell


You were on level 4 of the Dungeon.
You worshipped Sif Muna.
Sif Muna was most pleased with you.
You visited 1 branch of the dungeon, and saw 4 of its levels.

You collected 157 gold pieces.

Inventory:

Hand Weapons
 c - a +0 dagger (weapon)
Missiles
 b - 36 stones
 i - 7 poisoned darts
 v - 3 silver javelins
Jewellery
 k - a +4 ring of slaying
 o - a ring of flight (left hand)
 t - a +6 ring of strength (right hand)
Wands
 q - a wand of flame (17)
Scrolls
 d - a scroll of torment {unknown}
 f - a scroll of blinking {unknown}
 h - a scroll of silence {unknown}
 j - a scroll of magic mapping {unknown}
 m - a scroll of immolation {unknown}
 r - 2 scrolls of poison {unknown}
Potions
 a - 2 potions of magic
 e - 3 potions of curing
 g - a potion of flight {unknown}
 l - 2 potions of degeneration
 n - 2 potions of berserk rage
 p - a potion of mutation {unknown}
 s - a potion of might {unknown}
 u - 2 potions of ambrosia {unknown}


   Skills:
 - Level 1.7 Dodging
 - Level 3.0 Stealth
 - Level 5.0 Spellcasting
 * Level 8.4 Conjurations


You had 14 spell levels left.
You knew the following spells:

 Your Spells              Type           Power      Damage    Failure   Level
a - Magic Dart            Conj           100%       1d8       1%          1
b - Searing Ray           Conj           80%        2d7       1%          2

Your spell library contained the following spells:

 Spells                   Type           Power      Damage    Failure   Level
 Dazzling Flash           Conj/Hex       44%        N/A       6%          3
 Necrotise                Necr           20%        1d5       11%         1
 Ensorcelled Hibernation  Hex/Ice        10%        N/A       16%         2
 Fulminant Prism          Conj/Hex       11%        3d9       19%         4
 Iskenderun's Mystic Bla  Conj/Tloc      22%        2d6       19%         4
 Spider Form              Tmut/Pois      5%         N/A       32%         3
 Vampiric Draining        Necr           5%         2d6       32%         3
 Anguish                  Hex/Necr       2%         N/A       71%         4
 Agony                    Necr           5%         N/A       96%         5
 Silence                  Hex/Air        2%         N/A       96%         5


Dungeon Overview and Level Annotations

Branches:
Dungeon (4/15)
 Temple: D:4-7

Altars:
Ashenzari
Elyvilon
Makhleb
Qazlal
Sif Muna
Uskayaw
Wu Jian
Zin
The Shining One

Annotations:
D:4 Duvessa


Innate Abilities, Weirdness & Mutations

You can breathe blasts of fire.
Your fiery red scales are hard. (AC +6)
You cannot fit into any form of body armour.
Your flesh is heat resistant. (rF+)
You are cold-blooded and may be slowed by cold attacks.


Message History

(Press . to maintain the ray.) Duvessa shouts!
The searing ray hits Duvessa.
Duvessa is lightly wounded.
The searing ray hits Duvessa.
Duvessa is lightly wounded.
The searing ray hits Duvessa!
Duvessa is moderately wounded.
The searing ray misses Dowan.
You finish channelling your searing ray.
Dowan casts a spell.
Dowan blinks!
Casting: Searing Ray (safe; 1% risk of failure)
Confirm with . or Enter, or press ? or * to list all spells.
Aiming: Searing Ray (safe; 1% risk of failure)
Press: ? - help, Shift-Dir - straight line, f/p - Dowan
Aim: Dowan, wielding a +0 dagger and wearing a +0 robe (moderately wounded, 73% to hit)
The searing ray hits Duvessa.
Duvessa is heavily wounded.
The searing ray hits Dowan.
Dowan is moderately wounded. (Press . to maintain the ray.)
The searing ray misses Duvessa.
The searing ray hits Dowan!
Dowan is severely wounded.
Duvessa says, "When magic and the sword combine, nothing stands against them."
Duvessa hits you with a +0 rapier!
Dowan casts a spell.
Dowan blinks!
The searing ray hits Dowan!
You kill Dowan!
Sif Muna accepts your kill.
Duvessa screams in rage.
Duvessa goes berserk!
Duvessa hits you with a +0 rapier!!
You have reached level 8!
You feel clever.
You finish channelling your searing ray.
Duvessa hits you with a +0 rapier!
* * * LOW HITPOINT WARNING * * *
Duvessa hits you with a +0 rapier.
You die...

.#...#######.##.##.#####.#..#####
.#...........##.##.# #..#..#
.#.....#####.##.##.# #[###.#
.#.#...# #.......# #.# #.#
.#.....# #.##.#### #.# #.#
.#.....# #....# #.# #.# ##..#..#
#.#### #.# #.# ..<...##
##############.###.# .......
......e@..)........# ######
##############.#####
#######################.#
.........†..............#
#########################


You could see Duvessa (berserk).

Vanquished Creatures
  Pikel (D:4)
  Sigmund (D:3)
  2 lemures (D:4)
  Dowan (D:4)
  An orc priest (D:4)
  Jessica (D:3)
  Ijyb (D:3)
  3 iguanas
  Robin (D:2)
  6 adders
  A shadow imp (D:3)
  A worm (D:3)
  2 dart slugs
  2 orcs (D:4)
  7 endoplasms
  5 giant cockroaches
  15 goblins
  11 hobgoblins
  9 kobolds
  5 quokkas
  7 ball pythons
  8 bats
  4 frilled lizards
  4 rats
99 creatures vanquished.

Notes
Turn   | Place    | Note
-------+----------+-------------------------------------------
     0 | D:1      | themarg the Draconian Conjurer began the quest for the Orb.
     0 | D:1      | Reached XP level 1. HP: 14/14 MP: 3/3
   238 | D:1      | Reached XP level 2. HP: 20/20 MP: 1/5
   241 | D:1      | Learned a level 2 spell: Searing Ray
   667 | D:1      | Found a faded altar of an unknown god.
   695 | D:1      | Prayed at the altar of an unknown god.
   695 | D:1      | Became a worshipper of Sif Muna the Loreminder
   695 | D:1      | Reached * piety under Sif Muna
   890 | D:2      | Reached XP level 3. HP: 18/26 MP: 0/6
  1529 | D:2      | Found a glowing golden altar of the Shining One.
  1862 | D:3      | Noticed Robin
  1945 | D:2      | Killed Robin
  1946 | D:2      | Reached XP level 4. HP: 28/33 MP: 1/8
  2041 | D:3      | Reached ** piety under Sif Muna
  2189 | D:3      | Reached skill level 5 in Conjurations
  2279 | D:3      | Found a glowing silver altar of Zin.
  2436 | D:3      | Noticed Ijyb
  2451 | D:3      | Found a broken altar of Ashenzari.
  2465 | D:3      | Killed Ijyb
  2466 | D:3      | Reached XP level 5. HP: 32/38 MP: 4/10
  2680 | D:3      | Found an ornate altar of the Wu Jian Council.
  2684 | D:3      | Noticed Sigmund
  2695 | D:3      | Killed Sigmund
  2696 | D:3      | Reached XP level 6. HP: 25/45 MP: 4/12
  2964 | D:3      | Noticed Jessica
  2967 | D:3      | Killed Jessica
  3098 | D:3      | Found a white marble altar of Elyvilon.
  3098 | D:3      | Found a burning altar of Makhleb.
  3099 | D:3      | Found a hide-covered altar of Uskayaw.
  3218 | D:3      | Found a stormy altar of Qazlal.
  3576 | D:4      | Reached skill level 6 in Conjurations
  3893 | D:4      | Noticed Pikel
  3904 | D:4      | Killed Pikel
  3905 | D:4      | Reached skill level 5 in Spellcasting
  3905 | D:4      | Reached skill level 8 in Conjurations
  3905 | D:4      | Your scales start taking on a fiery red colour.
  3905 | D:4      | Reached XP level 7. HP: 18/50 MP: 2/14
  3905 | D:4      | Gained mutation: Your flesh is heat resistant. (rF+) [Red
                  | Draconian growth]
  4402 | D:4      | Reached *** piety under Sif Muna
  4512 | D:4      | Noticed Dowan
  4513 | D:4      | Noticed Duvessa
  4522 | D:4      | Killed Dowan
  4523 | D:4      | Reached XP level 8. HP: 20/57 MP: 6/15
  4523 | D:4      | Slain by Duvessa

Illustrated notes

Levels and vault maps discovered:
D:1:      enne_arrival_octagon_isle, layout_rooms,
          ebering_ecumenical_altar_ruins
D:2:      layout_basic, basic_altar, grunt_decor_cap
D:3:      layout_loops_ring, mainiacjoe_overflow_24_doors,
          mainiacjoe_overflow_brackets, lemuel_doored_altar, minitemple,
          zin_academy, uniq_jessica, uniq_ijyb, uniq_robin, uniq_sigmund
D:4:      layout_basic, hex_tiny, chequers_serial_rivers_large_a, uniq_pikel,
          uniq_duvessa, uniq_crazy_yiuf_cottage

Skill      XL: |  1  2  3  4  5  6 |
---------------+-------------------+-----
Stealth        | 2 3 |  3.0
Spellcasting   | 3 4 5 |  5.0
Conjurations   | 5 8 |  8.4
Dodging        | |  1.7

Action                   |  1- 3 |  4- 6 |  7- 9 || total
-------------------------+-------+-------+-------++-------
Melee: Dagger            |     2 |    17 |       ||    19
       Tailslap          |       |     2 |       ||     2
 Cast: Magic Dart        |    72 |    40 |    13 ||   125
       Searing Ray       |     5 |    29 |     3 ||    37
  Use: Scroll            |       |     3 |       ||     3
Armor: Skin              |     5 |     9 |       ||    14
Dodge: Dodged            |    19 |    32 |       ||    51

Table legend: (Time is in decaauts)
 A = Elapsed time spent in this place.
 B = Non-inter-level travel time spent in this place.
 C = Inter-level travel time spent in this place.
 D = Time resting spent in this place.
 E = Time spent auto-exploring this place.
 F = Levels seen in this place.
 G = Mean time per level.
                   A        B        C        D        E       F      G
               +--------+--------+--------+--------+--------+-----+--------+
         Total |   4526 |   4414 |    112 |    532 |   3290 |   4 | 1131.5 |
       Dungeon |   4526 |   4414 |    112 |    532 |   3290 |   4 | 1131.5 |
               +--------+--------+--------+--------+--------+-----+--------+

Top non-repeatable levels by time:
     D:3: 1627 daAuts
     D:2: 1157 daAuts
     D:1: 880 daAuts
     D:4: 861 daAuts
